[ AOE2 MATCH · #506101777 ]
UnrankedGeorgians vs Britons
Player's team · LOSS
Rival team · WIN
[ REPLAY ANALYSIS · EXTRACTED FROM THE RECORDED GAME ]
Feudal
8:02
Castle
—
Imperial
—
| APM avg | 57.5 |
| APM peak | 94 |
| eAPM avg | 27.5 |
| Villagers / military | 57 / 28 |
Focus
⚔️ 27.4% · 🌾 72.6%
Skirmisher ×16 · Scout Cavalry ×10 · Spearman ×2
Feudal
10:59
Castle
22:40
Imperial
—
| APM avg | 53.0 |
| APM peak | 91 |
| eAPM avg | 29.4 |
| Villagers / military | 43 / 26 |
Focus
⚔️ 27.9% · 🌾 72.1%
Archer ×18 · Spearman ×3 · Knight ×2 · Militia ×2 · Battering Ram ×1
Match map
Initial resources + every placement click. Lines = walls · curves = elevation contours. ◆ gold · ⬟ stone · ● berries · ✦ relic · ◌ wall gap
Your base· Open — 9t gap
JackK's base· Open — 3t gap
Smoothed initial terrain · ◌ = detected wall gap · hover for details
Inputs per minute
— OS+ | Emil :D - - JackK
Build order — OS+ | Emil :D
First 150 of 165 actions detected
| 0:00 | Create | Villager (Male) |
| 0:01 | Create | Villager (Male) |
| 0:02 | Build | House |
| 0:02 | Build | House |
| 0:07 | Create | Villager (Male) |
| 0:07 | Create | Villager (Male) |
| 1:28 | Create | Villager (Male) |
| 1:55 | Create | Villager (Male) |
| 2:18 | Create | Villager (Male) |
| 2:50 | Create | Villager (Male) |
| 3:07 | Create | Villager (Male) |
| 3:32 | Create | Villager (Male) |
| 4:01 | Build | House |
| 4:05 | Create | Villager (Male) |
| 4:20 | Create | Villager (Male) |
| 4:33 | Create | Villager (Male) |
| 4:33 | Create | Villager (Male) |
| 4:33 | Create | Villager (Male) |
| 4:36 | Create | Villager (Male) |
| 4:36 | Create | Villager (Male) |
| 5:08 | Build | Mill |
| 5:21 | Create | Villager (Male) |
| 5:52 | Research | Feudal Age |
| 6:44 | Build | Mule Cart |
| 6:57 | Research | Loom |
| 7:35 | Build | Palisade Wall |
| 7:37 | Build | Palisade Wall |
| 7:38 | Build | Palisade Wall |
| 7:47 | Build | Palisade Wall |
| 7:47 | Build | Palisade Wall |
| 8:02 | Age | Feudal Age |
| 8:04 | Create | Villager (Male) |
| 8:06 | Build | Barracks |
| 8:25 | Create | Villager (Male) |
| 8:52 | Build | Stable |
| 9:27 | Create | Villager (Male) |
| 9:32 | Create | Scout Cavalry |
| 9:32 | Create | Scout Cavalry |
| 9:39 | Build | Palisade Wall |
| 9:39 | Build | Palisade Wall |
| 9:42 | Build | Palisade Wall |
| 9:43 | Build | Palisade Wall |
| 9:44 | Build | Palisade Wall |
| 9:45 | Create | Villager (Male) |
| 9:56 | Build | House |
| 10:02 | Build | House |
| 10:03 | Create | Villager (Male) |
| 10:29 | Create | Villager (Male) |
| 10:54 | Build | Farm |
| 11:02 | Create | Villager (Male) |
| 11:20 | Build | Mule Cart |
| 11:23 | Create | Villager (Male) |
| 11:24 | Build | Watch Tower |
| 11:37 | Create | Villager (Male) |
| 11:41 | Build | Farm |
| 11:47 | Create | Scout Cavalry |
| 11:57 | Build | Palisade Wall |
| 11:58 | Build | Palisade Wall |
| 12:10 | Create | Villager (Male) |
| 12:10 | Create | Villager (Male) |
| 12:25 | Create | Villager (Male) |
| 12:34 | Create | Villager (Male) |
| 12:41 | Build | Watch Tower |
| 13:03 | Build | Palisade Gate |
| 13:21 | Create | Villager (Male) |
| 13:41 | Create | Villager (Male) |
| 13:46 | Create | Villager (Male) |
| 13:49 | Build | Archery Range |
| 13:54 | Create | Villager (Male) |
| 14:08 | Create | Villager (Male) |
| 14:12 | Build | Farm |
| 14:24 | Create | Scout Cavalry |
| 14:27 | Build | House |
| 14:38 | Create | Skirmisher |
| 14:45 | Create | Villager (Male) |
| 14:57 | Create | Skirmisher |
| 14:58 | Create | Villager (Male) |
| 15:05 | Build | Farm |
| 15:16 | Build | House |
| 15:25 | Create | Skirmisher |
| 15:34 | Create | Scout Cavalry |
| 15:46 | Build | Watch Tower |
| 15:50 | Build | House |
| 15:58 | Create | Villager (Male) |
| 16:01 | Build | Watch Tower |
| 16:06 | Build | House |
| 16:19 | Create | Skirmisher |
| 16:21 | Create | Villager (Male) |
| 16:31 | Create | Villager (Male) |
| 16:50 | Create | Skirmisher |
| 17:00 | Create | Villager (Male) |
| 17:04 | Create | Villager (Male) |
| 17:05 | Build | Farm |
| 17:06 | Build | Farm |
| 17:06 | Build | Farm |
| 17:31 | Create | Skirmisher |
| 17:34 | Create | Villager (Male) |
| 18:13 | Create | Villager (Male) |
| 18:22 | Build | House |
| 18:41 | Create | Villager (Male) |
| 18:43 | Create | Skirmisher |
| 18:43 | Create | Skirmisher |
| 19:02 | Create | Villager (Male) |
| 19:06 | Build | Farm |
| 19:06 | Build | Farm |
| 19:06 | Build | Farm |
| 19:08 | Research | Double-Bit Axe |
| 19:08 | Research | Double-Bit Axe |
| 19:13 | Create | Scout Cavalry |
| 19:31 | Build | House |
| 19:35 | Create | Villager (Male) |
| 19:35 | Create | Scout Cavalry |
| 19:57 | Build | House |
| 19:58 | Build | House |
| 20:00 | Build | House |
| 20:06 | Create | Skirmisher |
| 20:11 | Create | Villager (Male) |
| 20:14 | Build | Blacksmith |
| 20:19 | Create | Skirmisher |
| 20:22 | Create | Villager (Male) |
| 20:26 | Create | Scout Cavalry |
| 20:33 | Create | Villager (Male) |
| 20:57 | Build | Watch Tower |
| 20:59 | Create | Skirmisher |
| 21:04 | Research | Fletching |
| 21:04 | Research | Fletching |
| 21:07 | Build | House |
| 21:08 | Build | House |
| 21:14 | Build | Farm |
| 21:14 | Create | Skirmisher |
| 21:24 | Build | Farm |
| 21:25 | Build | Farm |
| 21:28 | Build | House |
| 21:37 | Create | Villager (Male) |
| 21:40 | Build | Watch Tower |
| 21:56 | Create | Scout Cavalry |
| 22:08 | Build | Watch Tower |
| 22:21 | Build | Farm |
| 22:22 | Build | Farm |
| 22:22 | Create | Villager (Male) |
| 22:25 | Build | Farm |
| 22:26 | Build | Farm |
| 22:26 | Build | Farm |
| 22:26 | Build | Farm |
| 22:26 | Build | Farm |
| 22:27 | Build | Farm |
| 22:40 | Create | Scout Cavalry |
| 22:43 | Build | Farm |
| 22:43 | Build | Farm |
| 22:51 | Create | Spearman |
Build order — JackK
130 actions detected in the replay
| 0:00 | Create | Villager (Male) |
| 0:00 | Create | Villager (Male) |
| 0:02 | Build | House |
| 0:02 | Build | House |
| 0:04 | Build | House |
| 0:10 | Create | Villager (Male) |
| 0:17 | Create | Villager (Male) |
| 1:15 | Create | Villager (Male) |
| 1:39 | Create | Villager (Male) |
| 1:46 | Build | Lumber Camp |
| 2:07 | Create | Villager (Male) |
| 2:46 | Create | Villager (Male) |
| 3:15 | Create | Villager (Male) |
| 3:31 | Build | House |
| 3:43 | Create | Villager (Male) |
| 4:06 | Create | Villager (Male) |
| 4:23 | Build | Barracks |
| 4:29 | Create | Villager (Male) |
| 4:44 | Create | Villager (Male) |
| 5:10 | Create | Villager (Male) |
| 5:14 | Build | House |
| 5:27 | Create | Militia |
| 5:27 | Create | Militia |
| 5:49 | Create | Villager (Male) |
| 5:54 | Build | Mill |
| 6:19 | Create | Villager (Male) |
| 6:28 | Create | Villager (Male) |
| 6:32 | Build | House |
| 7:06 | Create | Villager (Male) |
| 7:06 | Create | Villager (Male) |
| 7:44 | Create | Villager (Male) |
| 8:02 | Build | Mining Camp |
| 8:12 | Research | Loom |
| 8:29 | Research | Feudal Age |
| 10:59 | Age | Feudal Age |
| 11:00 | Create | Villager (Male) |
| 11:03 | Build | Archery Range |
| 11:04 | Research | Double-Bit Axe |
| 11:08 | Create | Spearman |
| 11:09 | Create | Spearman |
| 11:10 | Build | Farm |
| 11:11 | Build | Farm |
| 11:13 | Build | Farm |
| 11:15 | Build | Farm |
| 11:16 | Build | Farm |
| 11:20 | Create | Villager (Male) |
| 11:23 | Build | House |
| 11:37 | Create | Spearman |
| 11:37 | Create | Villager (Male) |
| 11:49 | Create | Archer |
| 11:49 | Create | Archer |
| 11:49 | Create | Archer |
| 12:15 | Create | Villager (Male) |
| 12:22 | Build | House |
| 12:24 | Research | Wheelbarrow |
| 12:38 | Create | Archer |
| 13:23 | Create | Villager (Male) |
| 13:25 | Build | Blacksmith |
| 13:42 | Create | Villager (Male) |
| 13:43 | Build | Farm |
| 13:44 | Build | Farm |
| 13:48 | Build | House |
| 13:51 | Research | Fletching |
| 13:54 | Build | House |
| 14:14 | Build | House |
| 14:16 | Create | Villager (Male) |
| 14:16 | Create | Archer |
| 14:26 | Build | Palisade Wall |
| 14:26 | Build | Palisade Wall |
| 14:32 | Create | Villager (Male) |
| 14:48 | Build | Palisade Gate |
| 14:52 | Build | Palisade Wall |
| 14:58 | Create | Archer |
| 14:59 | Create | Villager (Male) |
| 15:01 | Build | Farm |
| 15:10 | Build | Palisade Wall |
| 15:25 | Build | Palisade Wall |
| 15:29 | Build | Farm |
| 15:34 | Build | Palisade Wall |
| 15:48 | Create | Villager (Male) |
| 15:54 | Build | House |
| 16:03 | Create | Archer |
| 16:06 | Build | Watch Tower |
| 16:07 | Create | Villager (Male) |
| 16:11 | Create | Archer |
| 16:36 | Create | Villager (Male) |
| 16:38 | Build | Farm |
| 17:25 | Create | Archer |
| 17:27 | Create | Villager (Male) |
| 17:55 | Create | Villager (Male) |
| 18:40 | Create | Villager (Male) |
| 18:56 | Create | Villager (Male) |
| 19:01 | Build | Mining Camp |
| 19:17 | Create | Archer |
| 19:17 | Create | Archer |
| 19:21 | Build | Market |
| 19:30 | Create | Villager (Male) |
| 19:34 | Build | Archery Range |
| 20:00 | Research | Castle Age |
| 20:00 | Research | Castle Age |
| 20:04 | Create | Archer |
| 20:06 | Create | Archer |
| 20:06 | Create | Archer |
| 20:07 | Create | Archer |
| 20:17 | Build | Palisade Wall |
| 20:35 | Build | Lumber Camp |
| 20:43 | Create | Archer ×2 |
| 20:52 | Research | Padded Archer Armor |
| 20:53 | Research | Gold Mining |
| 20:59 | Build | Stable |
| 21:34 | Build | Watch Tower |
| 22:04 | Create | Villager (Male) |
| 22:12 | Build | Palisade Wall |
| 22:20 | Build | Lumber Camp |
| 22:39 | Research | Scale Barding Armor |
| 22:40 | Age | Castle Age |
| 22:42 | Create | Knight |
| 22:43 | Research | Bodkin Arrow |
| 22:46 | Research | Crossbowman (upgrade) |
| 22:48 | Build | House |
| 23:06 | Create | Villager (Male) |
| 23:08 | Create | Knight |
| 23:24 | Create | Villager (Male) |
| 23:29 | Build | Lumber Camp |
| 23:38 | Build | Siege Workshop |
| 24:16 | Create | Villager (Male) |
| 24:17 | Create | Villager (Male) |
| 24:19 | Create | Battering Ram |
| 24:40 | Create | Villager (Male) |
| 24:42 | Create | Archer |
Match timeline
| 4:23 | JackK · first_building Barracks |
| 7:35 | OS+ | Emil :D · wall_segment Palisade Wall x2 |
| 7:37 | OS+ | Emil :D · wall_segment Palisade Wall x1 |
| 7:38 | OS+ | Emil :D · wall_segment Palisade Wall x1 |
| 7:47 | OS+ | Emil :D · wall_segment Palisade Wall x1 |
| 7:47 | OS+ | Emil :D · wall_segment Palisade Wall x1 |
| 8:02 | OS+ | Emil :D · age_up feudal |
| 8:06 | OS+ | Emil :D · first_building Barracks |
| 8:52 | OS+ | Emil :D · first_building Stable |
| 9:39 | OS+ | Emil :D · wall_segment Palisade Wall x1 |
| 9:39 | OS+ | Emil :D · wall_segment Palisade Wall x1 |
| 9:42 | OS+ | Emil :D · wall_segment Palisade Wall x1 |
| 9:43 | OS+ | Emil :D · wall_segment Palisade Wall x1 |
| 9:44 | OS+ | Emil :D · wall_segment Palisade Wall x1 |
| 10:59 | JackK · age_up feudal |
| 11:03 | JackK · first_building Archery Range |
| 11:57 | OS+ | Emil :D · wall_segment Palisade Wall x1 |
| 11:58 | OS+ | Emil :D · wall_segment Palisade Wall x1 |
| 13:49 | OS+ | Emil :D · first_building Archery Range |
| 14:26 | JackK · wall_segment Palisade Wall x11 |
| 14:26 | JackK · wall_segment Palisade Wall x7 |
| 14:52 | JackK · wall_segment Palisade Wall x1 |
| 15:10 | JackK · wall_segment Palisade Wall x7 |
| 15:25 | JackK · wall_segment Palisade Wall x3 |
| 15:34 | JackK · wall_segment Palisade Wall x5 |
| 19:59 | JackK · first_market_buy 100 food |
| 20:17 | JackK · wall_segment Palisade Wall x1 |
| 20:59 | JackK · first_building Stable |
| 22:12 | JackK · wall_segment Palisade Wall x1 |
| 22:40 | JackK · age_up castle |
| 23:00 | OS+ | Emil :D · wall_segment Palisade Wall x1 |
| 23:01 | OS+ | Emil :D · wall_segment Palisade Wall x1 |
| 23:01 | OS+ | Emil :D · wall_segment Palisade Wall x1 |
| 23:38 | JackK · first_building Siege Workshop |
| 24:49 | OS+ | Emil :D · resign |
[ AI ANALYSIS · 1 CREDIT ]
What really happened in this match?
Wolo.gg analyzes every decision: build order, eco, micro, common mistakes by bracket. Personalized analysis on WhatsApp or Discord in 30 seconds.
Civ guide
Georgians
Perfil
Jugador #862991